[ AOE2 MATCH · #463598801 ]
Team RMByzantines vs Mongols
[ REPLAY ANALYSIS · EXTRACTED FROM THE RECORDED GAME ]
Feudal
11:35
Castle
—
Imperial
—
| APM avg | 25.6 |
| APM peak | 61 |
| eAPM avg | 7.6 |
| Villagers / military | 27 / 0 |
Focus
⚔️ 3.8% · 🌾 96.2%
Feudal
—
Castle
—
Imperial
—
| APM avg | 27.2 |
| APM peak | 62 |
| eAPM avg | 10.0 |
| Villagers / military | 31 / 0 |
Focus
⚔️ 13.9% · 🌾 86.1%
Feudal
—
Castle
—
Imperial
—
| APM avg | 30.2 |
| APM peak | 53 |
| eAPM avg | 11.5 |
| Villagers / military | 32 / 0 |
Focus
⚔️ 15.1% · 🌾 84.9%
Unknown (2550) ×5
Feudal
11:04
Castle
—
Imperial
—
| APM avg | 27.3 |
| APM peak | 83 |
| eAPM avg | 10.4 |
| Villagers / military | 28 / 3 |
Focus
⚔️ 21.6% · 🌾 78.4%
Archer ×3
Feudal
—
Castle
—
Imperial
—
| APM avg | 46.8 |
| APM peak | 69 |
| eAPM avg | 16.2 |
| Villagers / military | 38 / 0 |
Focus
⚔️ 11.3% · 🌾 88.7%
Feudal
—
Castle
—
Imperial
—
| APM avg | 17.2 |
| APM peak | 37 |
| eAPM avg | 7.1 |
| Villagers / military | 25 / 0 |
Focus
⚔️ 1.5% · 🌾 98.5%
Feudal
9:02
Castle
—
Imperial
—
| APM avg | 21.2 |
| APM peak | 27 |
| eAPM avg | 10.8 |
| Villagers / military | 27 / 4 |
Focus
⚔️ 26.7% · 🌾 73.3%
Archer ×4
Feudal
—
Castle
—
Imperial
—
| APM avg | 29.7 |
| APM peak | 65 |
| eAPM avg | 13.9 |
| Villagers / military | 40 / 0 |
Focus
⚔️ 8.1% · 🌾 91.9%
Match map
Initial resources + every placement click. Lines = walls · curves = elevation contours. ◆ gold · ⬟ stone · ● berries · ✦ relic · ◌ wall gap
Your base· Open — unwalled flank
大汉忠臣曹孟德's base· Open — unwalled flank
Art88P's base· Open — unwalled flank
dusen128371's base· Open — unwalled flank
arping0904's base· Open — unwalled flank
Kenta.Kofot's base· Open — unwalled flank
Superfarmer's base· Open — unwalled flank
Eeeeeeeeeeeeecho's base· Open — unwalled flank
Smoothed initial terrain · ◌ = detected wall gap · hover for details
Inputs per minute
— cuffneyj - - 大汉忠臣曹孟德
Build order — cuffneyj
39 actions detected in the replay
| 0:05 | Build | House |
| 0:06 | Create | Villager (Male) |
| 0:06 | Create | Villager (Male) |
| 0:07 | Create | Villager (Male) |
| 0:09 | Build | House |
| 0:10 | Create | Villager (Male) |
| 1:29 | Create | Villager (Male) |
| 2:08 | Create | Villager (Male) |
| 2:26 | Create | Villager (Male) |
| 2:42 | Build | Lumber Camp |
| 2:49 | Build | House |
| 3:04 | Create | Villager (Male) |
| 3:20 | Create | Villager (Male) |
| 3:40 | Create | Villager (Male) |
| 3:54 | Create | Villager (Male) |
| 4:32 | Create | Villager (Male) |
| 5:11 | Create | Villager (Male) |
| 5:28 | Build | House |
| 5:33 | Create | Villager (Male) |
| 5:57 | Create | Villager (Male) |
| 5:58 | Create | Villager (Male) |
| 6:41 | Create | Villager (Male) |
| 6:41 | Create | Villager (Male) |
| 6:41 | Create | Villager (Male) |
| 7:00 | Create | Villager (Male) |
| 7:00 | Create | Villager (Male) |
| 7:06 | Create | Villager (Male) |
| 7:06 | Create | Villager (Male) |
| 7:18 | Create | Villager (Male) |
| 7:26 | Build | Mill |
| 7:36 | Build | Mill |
| 7:55 | Create | Villager (Male) |
| 8:37 | Build | Mining Camp |
| 9:00 | Research | Loom |
| 9:16 | Research | Feudal Age |
| 9:31 | Build | House |
| 11:20 | Create | Villager (Male) |
| 11:20 | Create | Villager (Male) |
| 11:35 | Age | Feudal Age |
Build order — 大汉忠臣曹孟德
44 actions detected in the replay
| 0:03 | Create | Villager (Male) |
| 0:03 | Create | Villager (Male) |
| 0:03 | Create | Villager (Male) |
| 0:05 | Build | House |
| 0:07 | Build | House |
| 0:34 | Create | Villager (Male) |
| 1:37 | Create | Villager (Male) |
| 1:37 | Create | Villager (Male) |
| 2:11 | Build | Lumber Camp |
| 2:16 | Create | Villager (Male) |
| 2:16 | Create | Villager (Male) |
| 2:47 | Create | Villager (Male) |
| 2:47 | Create | Villager (Male) |
| 3:03 | Create | Villager (Male) |
| 3:25 | Create | Villager (Male) |
| 3:47 | Create | Villager (Male) |
| 4:02 | Build | House |
| 4:05 | Build | House |
| 4:07 | Create | Villager (Male) |
| 4:46 | Build | Mill |
| 4:52 | Create | Villager (Male) |
| 4:52 | Create | Villager (Male) |
| 4:52 | Create | Villager (Male) |
| 5:20 | Create | Villager (Male) |
| 5:43 | Create | Villager (Male) |
| 6:01 | Build | Mill |
| 6:12 | Create | Villager (Male) |
| 6:12 | Create | Villager (Male) |
| 6:51 | Create | Villager (Male) |
| 7:08 | Create | Villager (Male) |
| 7:18 | Create | Villager (Male) |
| 7:54 | Build | House |
| 7:55 | Build | House |
| 8:16 | Create | Villager (Male) |
| 8:31 | Build | Mining Camp |
| 8:36 | Create | Villager (Male) |
| 8:42 | Build | Mining Camp |
| 8:51 | Build | Mining Camp |
| 9:04 | Create | Villager (Male) |
| 9:31 | Create | Villager (Male) |
| 9:47 | Create | Villager (Male) |
| 10:10 | Research | Feudal Age |
| 11:42 | Create | Villager (Male) |
| 11:43 | Create | Villager (Male) |
Build order — Art88P
51 actions detected in the replay
| 0:02 | Create | Villager (Male) |
| 0:03 | Create | Villager (Male) |
| 0:03 | Create | Villager (Male) |
| 0:04 | Create | Villager (Male) |
| 0:06 | Build | House |
| 0:09 | Build | House |
| 1:07 | Create | Villager (Male) |
| 1:51 | Create | Villager (Male) |
| 1:51 | Create | Villager (Male) |
| 2:11 | Create | Villager (Male) |
| 3:00 | Create | Villager (Male) |
| 3:00 | Create | Villager (Male) |
| 3:01 | Create | Villager (Male) |
| 3:34 | Build | House |
| 3:40 | Create | Villager (Male) |
| 3:41 | Create | Villager (Male) |
| 3:45 | Create | Villager (Male) |
| 4:32 | Create | Villager (Male) |
| 4:32 | Create | Villager (Male) |
| 4:42 | Research | Loom |
| 4:58 | Create | Villager (Male) |
| 4:58 | Create | Villager (Male) |
| 5:03 | Create | Villager (Male) |
| 5:10 | Build | Settlement |
| 5:20 | Create | Villager (Male) |
| 5:42 | Build | Barracks |
| 6:51 | Create | Villager (Male) |
| 6:53 | Create | Villager (Male) |
| 6:55 | Create | Unit 2550 |
| 6:56 | Create | Unit 2550 |
| 6:58 | Create | Unit 2550 |
| 7:02 | Build | Outpost |
| 7:34 | Create | Villager (Male) |
| 7:35 | Create | Villager (Male) |
| 7:38 | Build | Settlement |
| 8:16 | Create | Villager (Male) |
| 8:16 | Create | Villager (Male) |
| 8:24 | Build | Settlement |
| 8:34 | Create | Villager (Male) |
| 8:34 | Create | Villager (Male) |
| 9:59 | Create | Villager (Male) |
| 10:56 | Create | Villager (Male) |
| 10:59 | Create | Villager (Male) |
| 11:04 | Create | Unit 2550 |
| 11:20 | Create | Unit 2550 |
| 11:27 | Create | Villager (Male) |
| 11:56 | Build | Farm |
| 11:56 | Build | Farm |
| 11:56 | Build | Farm |
| 11:56 | Build | Farm |
| 12:00 | Research | Feudal Age |
Build order — dusen128371
50 actions detected in the replay
| 0:02 | Create | Villager (Male) |
| 0:02 | Create | Villager (Male) |
| 0:03 | Create | Villager (Male) |
| 0:04 | Build | House |
| 0:09 | Build | House |
| 0:10 | Build | House |
| 0:11 | Build | House |
| 0:17 | Research | Loom |
| 0:31 | Create | Villager (Male) |
| 0:31 | Create | Villager (Male) |
| 1:57 | Create | Villager (Male) |
| 2:25 | Create | Villager (Male) |
| 2:25 | Create | Villager (Male) |
| 2:47 | Create | Villager (Male) |
| 3:04 | Create | Villager (Male) |
| 3:04 | Create | Villager (Male) |
| 3:49 | Create | Villager (Male) |
| 3:49 | Create | Villager (Male) |
| 3:49 | Create | Villager (Male) |
| 4:30 | Create | Villager (Male) |
| 4:59 | Create | Villager (Male) |
| 5:16 | Create | Villager (Male) |
| 5:17 | Create | Villager (Male) |
| 5:31 | Create | Villager (Male) |
| 6:21 | Build | Lumber Camp |
| 6:23 | Create | Villager (Male) |
| 7:00 | Create | Villager (Male) |
| 7:01 | Create | Villager (Male) |
| 7:11 | Build | Palisade Wall |
| 7:33 | Build | Mill |
| 8:03 | Create | Villager (Male) |
| 8:04 | Create | Villager (Male) |
| 8:10 | Build | Mining Camp |
| 8:28 | Build | Farm |
| 8:54 | Research | Feudal Age |
| 8:55 | Research | Feudal Age |
| 9:05 | Build | Mill |
| 9:34 | Build | House |
| 9:38 | Build | House |
| 10:14 | Build | Barracks |
| 11:04 | Age | Feudal Age |
| 11:07 | Build | Archery Range |
| 11:22 | Create | Villager (Male) |
| 11:23 | Create | Villager (Male) |
| 11:24 | Create | Villager (Male) |
| 11:24 | Create | Villager (Male) |
| 11:54 | Build | Blacksmith |
| 11:57 | Create | Archer |
| 11:57 | Create | Archer |
| 11:57 | Create | Archer |
Build order — arping0904
60 actions detected in the replay
| 0:02 | Create | Villager (Male) |
| 0:02 | Create | Villager (Male) |
| 0:03 | Create | Villager (Male) |
| 0:03 | Create | Villager (Male) |
| 0:03 | Create | Villager (Male) |
| 0:07 | Build | House |
| 0:11 | Build | House |
| 1:36 | Create | Villager (Male) |
| 1:36 | Create | Villager (Male) |
| 2:16 | Create | Villager (Male) |
| 2:16 | Create | Villager (Male) |
| 2:29 | Create | Villager (Male) |
| 2:29 | Create | Villager (Male) |
| 2:48 | Build | House |
| 3:10 | Create | Villager (Male) |
| 3:46 | Build | Mill |
| 3:50 | Create | Villager (Male) |
| 3:50 | Create | Villager (Male) |
| 4:24 | Build | Palisade Wall |
| 4:26 | Build | Palisade Wall |
| 4:44 | Create | Villager (Male) |
| 4:44 | Create | Villager (Male) |
| 4:45 | Create | Villager (Male) |
| 4:45 | Create | Villager (Male) |
| 5:29 | Research | Loom |
| 5:30 | Research | Loom |
| 5:30 | Create | Villager (Male) |
| 5:30 | Create | Villager (Male) |
| 5:47 | Build | Palisade Wall |
| 5:53 | Create | Villager (Male) |
| 5:53 | Create | Villager (Male) |
| 6:37 | Create | Villager (Male) |
| 6:37 | Create | Villager (Male) |
| 6:37 | Create | Villager (Male) |
| 7:09 | Build | House |
| 8:28 | Create | Villager (Male) |
| 8:29 | Create | Villager (Male) |
| 8:29 | Create | Villager (Male) |
| 8:29 | Create | Villager (Male) |
| 8:29 | Create | Villager (Male) |
| 8:30 | Create | Villager (Male) |
| 9:03 | Build | Palisade Gate |
| 9:05 | Create | Villager (Male) |
| 9:06 | Create | Villager (Male) |
| 9:21 | Build | Lumber Camp |
| 9:57 | Create | Villager (Male) |
| 9:58 | Create | Villager (Male) |
| 9:58 | Create | Villager (Male) |
| 11:01 | Build | Farm |
| 11:01 | Build | Farm |
| 11:02 | Build | Farm |
| 11:02 | Build | Farm |
| 11:02 | Build | Farm |
| 11:05 | Create | Villager (Male) |
| 11:05 | Create | Villager (Male) |
| 11:24 | Build | Palisade Wall |
| 11:35 | Build | House |
| 11:35 | Build | House |
| 11:42 | Build | Farm |
| 11:49 | Build | Farm |
Build order — Kenta.Kofot
37 actions detected in the replay
| 0:02 | Create | Villager (Male) |
| 0:02 | Create | Villager (Male) |
| 0:10 | Research | Loom |
| 0:17 | Build | House |
| 0:18 | Build | House |
| 0:19 | Build | House |
| 0:45 | Create | Villager (Male) |
| 0:45 | Create | Villager (Male) |
| 0:45 | Create | Villager (Male) |
| 2:06 | Create | Villager (Male) |
| 2:10 | Build | Mill |
| 2:35 | Create | Villager (Male) |
| 3:07 | Create | Villager (Male) |
| 3:35 | Create | Villager (Male) |
| 3:35 | Create | Villager (Male) |
| 4:01 | Create | Villager (Male) |
| 4:15 | Create | Villager (Male) |
| 4:44 | Create | Villager (Male) |
| 4:59 | Create | Villager (Male) |
| 5:21 | Create | Villager (Male) |
| 5:44 | Create | Villager (Male) |
| 6:08 | Create | Villager (Male) |
| 6:25 | Create | Villager (Male) |
| 6:44 | Create | Villager (Male) |
| 7:01 | Create | Villager (Male) |
| 7:08 | Build | House |
| 7:22 | Create | Villager (Male) |
| 7:54 | Build | Lumber Camp |
| 7:58 | Create | Villager (Male) |
| 8:27 | Build | House |
| 8:29 | Build | House |
| 9:08 | Create | Villager (Male) |
| 9:21 | Create | Villager (Male) |
| 9:42 | Build | Mining Camp |
| 9:49 | Create | Villager (Male) |
| 10:02 | Research | Feudal Age |
| 11:34 | Build | Lumber Camp |
Build order — Superfarmer
45 actions detected in the replay
| 0:01 | Create | Villager (Male) ×4 |
| 0:03 | Build | House |
| 0:04 | Build | House |
| 1:46 | Create | Villager (Male) |
| 2:11 | Create | Villager (Male) ×2 |
| 2:55 | Create | Villager (Male) ×4 |
| 3:09 | Build | Lumber Camp |
| 3:52 | Build | House |
| 3:56 | Build | House |
| 3:59 | Create | Villager (Male) |
| 4:29 | Create | Villager (Male) ×4 |
| 4:34 | Build | Palisade Wall |
| 4:51 | Create | Villager (Male) |
| 5:17 | Create | Villager (Male) |
| 5:34 | Build | Mill |
| 5:58 | Create | Villager (Male) |
| 6:15 | Research | Loom |
| 6:26 | Build | House |
| 6:29 | Build | Palisade Wall |
| 6:52 | Research | Feudal Age |
| 7:45 | Build | Barracks |
| 7:47 | Build | Palisade Wall |
| 7:49 | Build | Palisade Wall |
| 8:45 | Build | Mining Camp |
| 9:02 | Create | Villager (Male) |
| 9:02 | Age | Feudal Age |
| 9:16 | Build | Archery Range |
| 9:21 | Build | Palisade Wall |
| 9:24 | Create | Villager (Male) |
| 9:35 | Research | Double-Bit Axe |
| 10:04 | Create | Archer |
| 10:10 | Create | Archer |
| 10:14 | Create | Villager (Male) |
| 10:16 | Create | Villager (Male) |
| 10:44 | Create | Villager (Male) |
| 10:54 | Create | Villager (Male) |
| 10:56 | Create | Archer |
| 11:02 | Build | Stone Wall |
| 11:05 | Build | Gate |
| 11:16 | Create | Villager (Male) |
| 11:39 | Create | Villager (Male) |
| 11:42 | Create | Archer |
| 12:01 | Build | Stone Wall |
| 12:03 | Build | Stone Wall |
| 12:07 | Build | Stone Wall |
Build order — Eeeeeeeeeeeeecho
55 actions detected in the replay
| 0:03 | Build | House |
| 0:03 | Create | Villager (Male) |
| 0:04 | Create | Villager (Male) |
| 0:04 | Create | Villager (Male) |
| 0:04 | Create | Villager (Male) |
| 0:04 | Create | Villager (Male) |
| 0:09 | Build | House |
| 0:12 | Build | House |
| 1:34 | Create | Villager (Male) |
| 1:34 | Create | Villager (Male) |
| 1:34 | Create | Villager (Male) |
| 1:44 | Build | Lumber Camp |
| 2:05 | Research | Loom |
| 2:09 | Create | Villager (Male) |
| 2:10 | Create | Villager (Male) |
| 2:30 | Create | Villager (Male) |
| 2:31 | Create | Villager (Male) |
| 2:51 | Create | Villager (Male) |
| 2:51 | Create | Villager (Male) |
| 3:18 | Create | Villager (Male) |
| 3:18 | Create | Villager (Male) |
| 3:18 | Create | Villager (Male) |
| 3:57 | Create | Villager (Male) |
| 3:58 | Create | Villager (Male) |
| 3:58 | Create | Villager (Male) |
| 4:12 | Build | House |
| 4:14 | Build | House |
| 4:18 | Build | Palisade Wall |
| 4:47 | Create | Villager (Male) |
| 4:47 | Create | Villager (Male) |
| 4:50 | Create | Villager (Male) |
| 5:43 | Create | Villager (Male) |
| 5:43 | Create | Villager (Male) |
| 5:43 | Create | Villager (Male) |
| 5:44 | Create | Villager (Male) |
| 6:07 | Create | Villager (Male) |
| 6:30 | Build | Palisade Wall |
| 6:31 | Create | Villager (Male) |
| 6:32 | Create | Villager (Male) |
| 6:38 | Build | House |
| 7:41 | Build | Mill |
| 8:27 | Create | Villager (Male) |
| 8:27 | Create | Villager (Male) |
| 8:28 | Create | Villager (Male) |
| 8:28 | Create | Villager (Male) |
| 8:28 | Create | Villager (Male) |
| 8:28 | Create | Villager (Male) |
| 8:29 | Create | Villager (Male) |
| 9:05 | Build | Mill |
| 9:18 | Build | Farm |
| 9:19 | Build | Farm |
| 9:22 | Create | Villager (Male) |
| 9:22 | Create | Villager (Male) |
| 9:22 | Create | Villager (Male) |
| 9:43 | Build | Mining Camp |
Match timeline
| 4:18 | Eeeeeeeeeeeeecho · wall_segment Palisade Wall x10 |
| 4:24 | arping0904 · wall_segment Palisade Wall x2 |
| 4:26 | arping0904 · wall_segment Palisade Wall x6 |
| 4:34 | Superfarmer · wall_segment Palisade Wall x2 |
| 5:42 | Art88P · first_building Barracks |
| 5:47 | arping0904 · wall_segment Palisade Wall x17 |
| 6:29 | Superfarmer · wall_segment Palisade Wall x5 |
| 6:30 | Eeeeeeeeeeeeecho · wall_segment Palisade Wall x30 |
| 7:11 | dusen128371 · wall_segment Palisade Wall x13 |
| 7:45 | Superfarmer · first_building Barracks |
| 7:47 | Superfarmer · wall_segment Palisade Wall x4 |
| 7:49 | Superfarmer · wall_segment Palisade Wall x6 |
| 9:02 | Superfarmer · age_up feudal |
| 9:16 | Superfarmer · first_building Archery Range |
| 9:21 | Superfarmer · wall_segment Palisade Wall x3 |
| 10:14 | dusen128371 · first_building Barracks |
| 11:02 | Superfarmer · wall_segment Stone Wall x15 |
| 11:04 | Eeeeeeeeeeeeecho · resign |
| 11:04 | dusen128371 · age_up feudal |
| 11:07 | dusen128371 · first_building Archery Range |
| 11:24 | arping0904 · wall_segment Palisade Wall x8 |
| 11:35 | cuffneyj · age_up feudal |
| 12:01 | Superfarmer · wall_segment Stone Wall x5 |
| 12:03 | Superfarmer · wall_segment Stone Wall x9 |
| 12:07 | Superfarmer · wall_segment Stone Wall x10 |
[ AI ANALYSIS · 1 CREDIT ]
What really happened in this match?
Wolo.gg analyzes every decision: build order, eco, micro, common mistakes by bracket. Personalized analysis on WhatsApp or Discord in 30 seconds.
Civ guide
Byzantines
Map guide
Oasis
Perfil
cuffneyj